BSA
NASHVILLE G-STRINGS @ VISTA PANTHERS
09/13/2029
 
TOP OF THE 1ST
Nashville G-Strings batting - Pitching for Vista Panthers : RHP Randy Mailman
Pitching: RHP Randy Mailman
Batting: SHB Jorge Flores 0-0: Called Strike
0-1: SINGLE (Groundball, 6MD)
Batting: LHB Miguel Rivería 0-0: Ball
1-0: Grounds into double play, 4-6-3 (Groundball, 4)
Batting: RHB Sergio Márquez 0-0: Ball
1-0: Foul Ball, location: 2F
1-1: Foul Ball, location: 2F
1-2: Foul Ball, location: 2F
1-2: Fly out, F9 (Flyball, 89M)
Top of the 1st over - 0 runs, 1 hit, 0 errors, 0 left on base; Nashville 0 - Vista 0
BOTTOM OF THE 1ST
Vista Panthers batting - Pitching for Nashville G-Strings : RHP Javier García
Pitching: RHP Javier García
Batting: LHB Ramiro Martínez 0-0: Fly out, F6 (Popup, 6D)
Batting: RHB Stephen Wilson 0-0: Ball
1-0: SOLO HOME RUN (Flyball, 7LD), Distance : 414 ft
Batting: LHB Dante Owens 0-0: Ball
1-0: Called Strike
1-1: Ball
2-1: Fly out, F8 (Flyball, 8LD)
Batting: SHB Juan Castro 0-0: Called Strike
0-1: Fly out, F9 (Flyball, 89S)
Bottom of the 1st over - 1 run, 1 hit, 0 errors, 0 left on base; Nashville 0 - Vista 1
TOP OF THE 2ND
Nashville G-Strings batting - Pitching for Vista Panthers : RHP Randy Mailman
Batting: LHB Robinson Fernández 0-0: Called Strike
0-1: Foul Ball, location: 2F
0-2: Foul Ball, location: 2F
0-2: Ball
1-2: Strikes out swinging
Batting: RHB Eric Thompson 0-0: Fly out, F3 (Popup, 34)
Batting: LHB George Smith 0-0: Fly out, F8 (Flyball, 78M)
Top of the 2nd over - 0 runs, 0 hits, 0 errors, 0 left on base; Nashville 0 - Vista 1
BOTTOM OF THE 2ND
Vista Panthers batting - Pitching for Nashville G-Strings : RHP Javier García
Batting: RHB Jake Reeves 0-0: Ball
1-0: Fly out, F9 (Flyball, 9)
Batting: LHB Noriaki Sangi 0-0: Called Strike
0-1: Ground out U3 (Groundball, 34S)
Batting: RHB Johnny Williams 0-0: Ground out U3 (Groundball, 34)
Bottom of the 2nd over - 0 runs, 0 hits, 0 errors, 0 left on base; Nashville 0 - Vista 1
TOP OF THE 3RD
Nashville G-Strings batting - Pitching for Vista Panthers : RHP Randy Mailman
Batting: RHB Vicente Aguirre 0-0: Foul Ball, location: 2F
0-1: Ball
1-1: Fly out, F8 (Flyball, 8LXD)
Batting: LHB Jesús Núñez 0-0: Ground out 1-3 (Groundball, P)
Batting: RHB Jesús Cabrera 0-0: Ball
1-0: Foul Ball, location: 2F
1-1: Ball
2-1: Called Strike
2-2: Ball
3-2: Ground out 5-3 (Groundball, 56D)
Top of the 3rd over - 0 runs, 0 hits, 0 errors, 0 left on base; Nashville 0 - Vista 1
BOTTOM OF THE 3RD
Vista Panthers batting - Pitching for Nashville G-Strings : RHP Javier García
Batting: RHB Carlos García 0-0: Called Strike
0-1: Ball
1-1: Foul Ball, location: 2F
1-2: Ball
2-2: Ball
3-2: Fly out, F4 (Popup, 4S)
Batting: RHB Luis Ríos 0-0: Called Strike
0-1: Foul Ball, location: 2F
0-2: Ball
1-2: Ball
2-2: Strikes out swinging
Batting: LHB Ramiro Martínez 0-0: Ball
1-0: Ground out U3 (Groundball, 3L)
Bottom of the 3rd over - 0 runs, 0 hits, 0 errors, 0 left on base; Nashville 0 - Vista 1
TOP OF THE 4TH
Nashville G-Strings batting - Pitching for Vista Panthers : RHP Randy Mailman
Batting: SHB Jorge Flores 0-0: Ball
1-0: Called Strike
1-1: Foul Ball, location: 2F
1-2: Ball
2-2: Ball
3-2: Fly out, F8 (Line Drive, 78M)
Batting: LHB Miguel Rivería 0-0: Ball
1-0: Ball
2-0: Ball
3-0: Base on Balls
Batting: RHB Sergio Márquez 0-0: Ball
1-0: Fly out, F7 (Flyball, 7)
Batting: LHB Robinson Fernández 0-0: Ball
1-0: Ball
2-0: Ball
3-0: Called Strike
3-1: Called Strike
3-2: Strikes out looking
Top of the 4th over - 0 runs, 0 hits, 0 errors, 1 left on base; Nashville 0 - Vista 1
BOTTOM OF THE 4TH
Vista Panthers batting - Pitching for Nashville G-Strings : RHP Javier García
Batting: RHB Stephen Wilson 0-0: Ball
1-0: Called Strike
1-1: Swinging Strike
1-2: Strikes out looking
Batting: LHB Dante Owens 0-0: Ball
1-0: Ground out 1-3 (Groundball, P)
Batting: SHB Juan Castro 0-0: Fly out, F7 (Flyball, 7)
Bottom of the 4th over - 0 runs, 0 hits, 0 errors, 0 left on base; Nashville 0 - Vista 1
TOP OF THE 5TH
Nashville G-Strings batting - Pitching for Vista Panthers : RHP Randy Mailman
Batting: RHB Eric Thompson 0-0: Called Strike
0-1: Foul Ball, location: 2F
0-2: Ball
1-2: Ball
2-2: Ball
3-2: Ground out 6-3 (Groundball, 6)
Batting: LHB George Smith 0-0: Ground out 6-3 (Groundball, 4MD)
Batting: RHB Vicente Aguirre 0-0: Called Strike
0-1: Ball
1-1: Swinging Strike
1-2: Foul Ball, location: 2F
1-2: SINGLE (Line Drive, 6MD)
Batting: LHB Jesús Núñez 0-0: Foul Ball, location: 2F
0-1: Fielders Choice at 2nd, U4 (Groundball, 4M)
Top of the 5th over - 0 runs, 1 hit, 0 errors, 1 left on base; Nashville 0 - Vista 1
BOTTOM OF THE 5TH
Vista Panthers batting - Pitching for Nashville G-Strings : RHP Javier García
Batting: RHB Jake Reeves 0-0: Called Strike
0-1: SINGLE (Line Drive, 6MD)
Batting: LHB Noriaki Sangi 0-0: Called Strike
0-1: Called Strike
0-2: Ball
1-2: Foul Ball, location: 2F
1-2: Ball
2-2: Ground out 5-3 (Groundball, 5L)
Jake Reeves to second
Batting: RHB Johnny Williams 0-0: Ball
1-0: Called Strike
1-1: Ball
2-1: Swinging Strike
2-2: SINGLE (Flyball, 7S)
Jake Reeves to third
Batting: RHB Carlos García 0-0: Foul Ball, location: 2F
0-1: Called Strike
0-2: Ball
1-2: Strikes out swinging
Batting: RHB Luis Ríos 0-0: Ball
1-0: Ground out 5-3 (Groundball, 56)
Bottom of the 5th over - 0 runs, 2 hits, 0 errors, 2 left on base; Nashville 0 - Vista 1
TOP OF THE 6TH
Nashville G-Strings batting - Pitching for Vista Panthers : RHP Randy Mailman
Batting: RHB Jesús Cabrera 0-0: Ball
1-0: Ball
2-0: Ball
3-0: Called Strike
3-1: DOUBLE (Line Drive, 78XD)
Batting: SHB Jorge Flores 0-0: Swinging Strike
0-1: Ball
1-1: Ball
2-1: Ball
3-1: Ground out 5-3 (Groundball, 5)
Batting: LHB Miguel Rivería 0-0: Ball
Jesús Cabrera is caught stealing 3rd base
1-0: Called Strike
1-1: Ball
2-1: SINGLE (Line Drive, 4D)
Batting: RHB Sergio Márquez 0-0: Called Strike
0-1: Ball
1-1: Ground out 1-3 (Groundball, 13S)
Top of the 6th over - 0 runs, 2 hits, 0 errors, 1 left on base; Nashville 0 - Vista 1
BOTTOM OF THE 6TH
Vista Panthers batting - Pitching for Nashville G-Strings : RHP Javier García
Batting: LHB Ramiro Martínez 0-0: Swinging Strike
0-1: Called Strike
0-2: Strikes out looking
Batting: RHB Stephen Wilson 0-0: Ground out 6-3 (Groundball, 6)
Batting: LHB Dante Owens 0-0: Ball
1-0: Ground out 1-3 (Groundball, 15S)
Bottom of the 6th over - 0 runs, 0 hits, 0 errors, 0 left on base; Nashville 0 - Vista 1
TOP OF THE 7TH
Nashville G-Strings batting - Pitching for Vista Panthers : RHP Randy Mailman
Now at SS: Ernest Russell
Batting: LHB Robinson Fernández 0-0: Called Strike
0-1: Ball
1-1: Called Strike
1-2: Foul Ball, location: 2F
1-2: Strikes out swinging
Batting: RHB Eric Thompson 0-0: Called Strike
0-1: Foul Ball, location: 2F
0-2: Ground out 6-3 (Groundball, 6)
Batting: LHB George Smith 0-0: Foul Ball, location: 2F
0-1: Ball
1-1: Ball
2-1: Called Strike
2-2: Strikes out swinging
Top of the 7th over - 0 runs, 0 hits, 0 errors, 0 left on base; Nashville 0 - Vista 1
BOTTOM OF THE 7TH
Vista Panthers batting - Pitching for Nashville G-Strings : RHP Javier García
Batting: SHB Juan Castro 0-0: Ball
1-0: Reached on error, E6 (Groundball, 6S)
Batting: RHB Jake Reeves 0-0: Ball
1-0: Foul Ball, location: 2F
1-1: Called Strike
1-2: SINGLE (Groundball, 56D)
Juan Castro to third
Batting: LHB Noriaki Sangi 0-0: Called Strike
0-1: Foul Ball, location: 2F
0-2: Strikes out swinging
Batting: RHB Johnny Williams 0-0: Ball
1-0: SINGLE (Line Drive, 7S)
Juan Castro scores
Jake Reeves to second
Batting: RHB Carlos García 0-0: Called Strike
0-1: Ball
1-1: Ball
2-1: Fly out, F8 (Flyball, 8LS)
Batting: RHB Luis Ríos 0-0: SINGLE (Flyball, 89M)
Jake Reeves to third
Johnny Williams to second
Batting: LHB Ramiro Martínez 0-0: Fly out, F7 (Flyball, 7D)
Bottom of the 7th over - 1 run, 3 hits, 1 error, 3 left on base; Nashville 0 - Vista 2
TOP OF THE 8TH
Nashville G-Strings batting - Pitching for Vista Panthers : RHP Randy Mailman
Batting: RHB Vicente Aguirre 0-0: Called Strike
0-1: Called Strike
0-2: Strikes out swinging
Batting: LHB Jesús Núñez 0-0: Ball
1-0: Ball
2-0: Ground out 4-3 (Groundball, 4)
Batting: RHB Jesús Cabrera 0-0: Ball
1-0: Called Strike
1-1: Ball
2-1: Foul Ball, location: 2F
2-2: Foul Ball, location: 2F
2-2: Fly out, F8 (Flyball, 8LXD)
Top of the 8th over - 0 runs, 0 hits, 0 errors, 0 left on base; Nashville 0 - Vista 2
BOTTOM OF THE 8TH
Vista Panthers batting - Pitching for Nashville G-Strings : RHP Javier García
Batting: RHB Ernest Russell 0-0: Ball
1-0: Ball
2-0: Ball
3-0: Called Strike
3-1: Ground out 1-3 (Groundball, 13S)
Batting: LHB Dante Owens 0-0: Called Strike
0-1: Foul Ball, location: 2F
0-2: Ball
1-2: Foul Ball, location: 2F
1-2: Ball
2-2: Ground out 4-3 (Groundball, 4)
Batting: SHB Juan Castro 0-0: Ball
1-0: SINGLE (Groundball, 34D)
Batting: RHB Jake Reeves 0-0: Called Strike
0-1: Ball
1-1: Ball
2-1: Ball
3-1: Foul Ball, location: 2F
3-2: 2-RUN HOME RUN (Flyball, 7LD), Distance : 400 ft
Batting: LHB Noriaki Sangi 0-0: Foul Ball, location: 2F
0-1: Ground out 6-3 (Groundball, 6MD)
Bottom of the 8th over - 2 runs, 2 hits, 0 errors, 0 left on base; Nashville 0 - Vista 4
TOP OF THE 9TH
Nashville G-Strings batting - Pitching for Vista Panthers : RHP Randy Mailman
Batting: SHB Jorge Flores 0-0: Foul Ball, location: 2F
0-1: Called Strike
0-2: Foul Ball, location: 2F
0-2: Strikes out swinging
Batting: LHB Miguel Rivería 0-0: Called Strike
0-1: Foul Ball, location: 2F
0-2: SINGLE (Line Drive, 3D)
Pitching: LHP António Martínez
Batting: RHB Sergio Márquez 0-0: Called Strike
0-1: Ball
1-1: Ball
2-1: Foul Ball, location: 2F
2-2: Ball
3-2: Ground out 4-3 (Groundball, 34)
Miguel Rivería to second
Batting: LHB Robinson Fernández 0-0: Ball
1-0: Called Strike
1-1: Foul Ball, location: 2F
1-2: Ball
2-2: SINGLE (Line Drive, 34)
Miguel Rivería to third
Pitching: RHP David Simpson
Batting: RHB Eric Thompson 0-0: SINGLE (Groundball, 56D)
Miguel Rivería scores
Robinson Fernández to second
Batting: LHB George Smith 0-0: Called Strike
0-1: Ball
1-1: Reached on error, E4 (Groundball, 34)
Robinson Fernández to third
Eric Thompson to second
Batting: RHB Vicente Aguirre 0-0: Called Strike
0-1: Swinging Strike
0-2: Strikes out swinging
Top of the 9th over - 1 run, 3 hits, 1 error, 3 left on base; Nashville 1 - Vista 4
Saturday, December 16th, 2017 - OOTP Baseball 18.8 Build 76